 Dungeon Crawl Stone Soup version 0.18-a0-1577-gf591c28 (webtiles) character file.

3176 namelastname112 the Skirmisher (level 9, -7/118 HPs)
             Began as a Green Draconian Skald on Mar 19, 2016.
             Was a Follower of Dithmenos.
             Killed by the air
             ... invoked by Gastronok
              (31 damage)
             ... on level 8 of the Dungeon.
             The game lasted 00:14:21 (6505 turns).

namelastname112 the Skirmisher (DrSk)               Turns: 6505, Time: 00:14:21

Health: -7/118     AC: 24    Str: 15    XL:     9   Next: 63%
Magic:  14/14      EV:  2    Int: 13    God:    Dithmenos [*.....]
Gold:   183        SH:  0    Dex: 18    Spells: 2 memorised, 11 levels left

rFire  . . .     SeeInvis .     (no weapon)
rCold  . . .     Gourm    .     (armour unavailable)
rNeg   + + +     Faith    .     (no shield)
rPois  +         Spirit   .     (helmet currently unavailable)
rElec  .         Dismiss  .     (cloak currently unavailable)
rCorr  .         Reflect  .     (gloves currently unavailable)
SustAt .         Harm     .     (boots currently unavailable)
MR     .....     NoTele   +     f - amulet of regeneration
Stlth  +++++.....               (no ring)
                                (no ring)

@: agile, tree-form, wreathed by umbra, drained, not resistant to hostile
enchantments, quite stealthy
A: (breathe noxious fumes), unfitting armour, (horns 0), mutation resistance 1,
sense surroundings 2, (poison resistance), screaming 1, (cold-blooded), AC +7
a: Renounce Religion


You were on level 8 of the Dungeon.
You worshipped Dithmenos.
Dithmenos was aware of your devotion.
You were not hungry.
You were a tree.
You visited 2 branches of the dungeon, and saw 9 of its levels.

You collected 658 gold pieces.
You spent 475 gold pieces at shops.

Inventory:

Hand Weapons
 x - a +0 blowgun
 A - the +7 rapier of the Dungeon {holy, Int+4}
   (You bought it in a shop on level 5 of the Dungeon)

   It has been blessed by the Shining One to cause great damage to the undead
   and demons.
   It affects your intelligence (+4).
Missiles
 v - 2 curare-tipped needles
Armour
 d - a +2 pair of boots (melded)
 t - a +1 hat (melded)
 C - a +1 cloak of invisibility (melded)
Jewellery
 f - an amulet of regeneration (around neck)
 s - an uncursed ring of fire
Scrolls
 h - 5 scrolls of magic mapping {unknown}
 i - 4 scrolls of teleportation {unknown}
 k - a scroll of fog {unknown}
 l - 7 scrolls of identify
 p - a scroll of random uselessness {unknown}
 q - 3 scrolls of fear {unknown}
 u - a scroll of remove curse
 w - 3 scrolls of enchant armour {unknown}
 B - 3 scrolls of enchant weapon {unknown}
Potions
 e - a potion of flight
 g - 4 potions of resistance
 E - 2 potions of degeneration
Books
 b - a book of Battle

   Spells                             Type                      Level
   a - Infusion                       Charms                       1
   b - Shroud of Golubria             Charms/Translocation         2
   c - Song of Slaying                Charms                       2
   d - Spectral Weapon                Hexes/Charms                 3
   e - Regeneration                   Charms/Necromancy            3
Comestibles
 c - a bread ration
 m - 10 fruits
 n - 3 meat rations
 D - a beef jerky


   Skills:
 + Level 7.0(6.6) Fighting
   Level 4.9(4.5) Polearms
 + Level 5.4(5.1) Dodging
 + Level 4.2(3.8) Stealth
 - Level 3.5(3.2) Spellcasting
 - Level 4.0(3.7) Charms
 * Level 7.0(6.6) Evocations


You had 11 spell levels left.
You knew the following spells:

 Your Spells              Type           Power        Failure   Level  Hunger
a - Infusion              Chrm           ##..         6%          1    #......
x - Spectral Weapon       Hex/Chrm       #.......     34%         3    ###....


Dungeon Overview and Level Annotations

Branches:
Dungeon (8/15)             Temple (1/1) D:7
   Lair: D:8-11

Altars:
Ashenzari
Cheibriados
Dithmenos
Elyvilon
Gozag
Kikubaaqudgha
Nemelex Xobeh
Qazlal
Ru
Xom
The Shining One

Shops:
D:4 *   D:5 (([(!

Annotations:
D:8 Gastronok


Innate Abilities, Weirdness & Mutations

((You can breathe blasts of noxious fumes.))
((Your lurid green scales are hard (AC +7).))
Your body does not fit into most forms of armour.
((Your system is resistant to poisons.))
((You are cold-blooded and may be slowed by cold attacks.))
((You have a pair of small horns on your head.))
You are somewhat resistant to further mutation.
You passively map the area around you.
You occasionally shout uncontrollably at your foes.


Message History

You hit Gastronok but do no damage.
Gastronok is severely wounded.
You hit Gastronok but do no damage.
Gastronok is severely wounded.
Gastronok bites you!
* * * LOW HITPOINT WARNING * * *
Drink which item? (? for menu, Esc to quit)
You feel better.
You smack Gastronok!
Gastronok is severely wounded.
Gastronok bites you!
* * * LOW HITPOINT WARNING * * *
Drink which item? (? for menu, Esc to quit)
You feel better.
You hit Gastronok.
Gastronok is severely wounded.
Gastronok gurgles, "A snack!
A snack!"
Gastronok waves his eye-stalks in wide circles.
The air twists around and strikes you!
You die...

#...# #............ #...#
#.........<.. #...#
#............ #...#
#............ *** #...#
#............ ## #...#
#............ ..
##.#######............ , ,
#.# #.#.......)..........
#..#* #.#.♣...........###.#
#..#####..w)(...###.#####..#
#..##..........# #.# #..#
######.##..........# #.#
#..# * #.........#.########
#.# #..# ....##.....##.# #.#
...# .#* #..###..#.# ### *
#.#####...##### _ * ,, ,,
..........w....# , , * ,,


You could see Gastronok.

Vanquished Creatures
  Prince Ribbit (D:5)
  Sigmund (D:2)
  A hungry ghost (D:7)
  The ghost of Ijustatesigmund the Insei, an amateur OpTm (D:3)
  2 orc warriors
  A sky beast (D:6)
  A necrophage (D:7)
  2 ice beasts
  3 phantoms
  A centaur (D:7)
  3 ogres
  A big kobold (D:7)
  A gnoll sergeant (D:7)
  A giant frog (D:7)
  A wyvern skeleton (D:6)
  2 scorpions
  5 wights (D:8)
  A howler monkey (D:6)
  4 crimson imps
  2 quasits
  2 centaur zombies
  A wasp zombie (D:7)
  2 orc priests
  5 hounds
  A gnoll shaman (D:7)
  2 orc wizards (D:7)
  2 iguanas
  A worker ant (D:6)
  2 worker ant zombies (D:7)
  5 gnolls
  9 adders
  An ooze (D:1)
  An adder zombie (D:5)
  2 worms
  2 dart slugs
  5 giant geckos
  4 orcs
  4 bats
  7 giant cockroaches
  9 goblins
  13 hobgoblins
  2 jackals (D:5)
  4 quokkas
  A ball python (D:2)
  A giant gecko zombie (D:6)
  4 giant newts
  16 kobolds
  4 rats
  A spectral weapon (D:5)
148 creatures vanquished.

Vanquished Creatures (others)
  A gnoll (D:7)
  2 spectral weapons
3 creatures vanquished.

Grand Total: 151 creatures vanquished

Notes
Turn   | Place    | Note
--------------------------------------------------------------
     0 | D:1      | namelastname112 the Draconian Skald began the quest for the Orb.
     0 | D:1      | Reached XP level 1. HP: 17/17 MP: 3/3
    41 | D:1      | Reached XP level 2. HP: 22/25 MP: 5/5
   966 | D:2      | Noticed Sigmund
  1013 | D:2      | Found a snail-covered altar of Cheibriados.
  1097 | D:2      | Reached XP level 3. HP: 30/30 MP: 6/6
  1105 | D:2      | Learned a level 3 spell: Spectral Weapon
  1138 | D:2      | Killed Sigmund
  1138 | D:2      | Reached XP level 4. HP: 11/38 MP: 2/8
  1138 | D:2      | Reached XP level 5. HP: 13/45 MP: 2/9
  1214 | D:2      | Found a stormy altar of Qazlal.
  1578 | D:2      | Found an opulent altar of Gozag.
  2175 | D:3      | Reached XP level 6. HP: 51/51 MP: 6/10
  2259 | D:3      | Noticed Ijustatesigmund's ghost (amateur OpTm)
  2431 | D:3      | Killed Ijustatesigmund's ghost
  2537 | D:4      | Found Gozag's Platinum Reserve.
  2537 | D:4      | Found an opulent altar of Gozag.
  2898 | D:4      | Your scales start taking on a lurid green colour.
  2898 | D:4      | Reached XP level 7. HP: 55/59 MP: 8/12
  2898 | D:4      | Gained mutation: Your system is resistant to poisons. [Green Draconian growth]
  3248 | D:5      | Entered Level 5 of the Dungeon
  3264 | D:5      | Noticed Prince Ribbit
  3341 | D:5      | Found an ancient bone altar of Kikubaaqudgha.
  3460 | D:5      | Found Vuint's Antique Weapon Boutique.
  3536 | D:5      | Found Pyrhic's Armour Emporium.
  3552 | D:5      | Bought a +1 cloak of invisibility for 214 gold pieces
  3712 | D:5      | Found Wegh's Distillery.
  3715 | D:5      | Found Vaopn's Antique Weapon Shop.
  3948 | D:5      | Killed Prince Ribbit
  3954 | D:5      | Found Ligog's Antique Weapon Shop.
  4041 | D:6      | Reached skill level 5 in Fighting
  4041 | D:6      | Reached XP level 8. HP: 54/68 MP: 13/13
  4087 | D:6      | Reached skill level 1 in Stealth
  4361 | D:6      | Gained mutation: You passively map a small area around you. [mutagenic meat]
  4362 | D:6      | Gained mutation: You occasionally shout uncontrollably at your foes. [mutagenic meat]
  4363 | D:6      | Gained mutation: You passively map the area around you. [mutagenic meat]
  4364 | D:6      | Gained mutation: You have a pair of small horns on your head. [mutagenic meat]
  4376 | D:6      | Found a glowing golden altar of the Shining One.
  4553 | D:6      | Found a sparkling altar of Nemelex Xobeh.
  4866 | D:5      | Bought an ancient rapier for 261 gold pieces
  4866 | D:5      | Identified the +7 rapier of the Dungeon {holy, Int+4} (You bought it in a shop on level 5 of the Dungeon)
  5097 | D:7      | Reached skill level 5 in Evocations
  5251 | D:7      | Found a staircase to the Ecumenical Temple.
  5278 | D:7      | Reached XP level 9. HP: 71/75 MP: 14/14
  5390 | Temple   | Entered the Ecumenical Temple
  5482 | Temple   | Became a worshipper of Dithmenos the Shadowed
  5828 | D:7      | Reached skill level 5 in Dodging
  5889 | D:7      | Reached * piety under Dithmenos
  6453 | D:8      | Noticed Gastronok
  6482 | D:8      | Gained mutation: You are somewhat resistant to further mutation. [potion of mutation]
  6505 | D:8      | Killed from afar by Gastronok

Vault maps used:
D:1:      dpeg_arrival_houses_and_road, serial_aquarium, aquarium_bridge_square,
          aquarium_bridge_square, aquarium_window_1, aquarium_window_2,
          aquarium_view_2d, minmay_door_square, st_stairs_3
D:2:      cheibriados_altar_1, overflow_temple_1_default, old_standard_altar,
          minivault_5, uniq_sigmund
D:3:      first_bread
D:4:      minmay_strange_pillars, nicolae_gozag_zags_fifth_avenue
D:5:      kennysheep_mini_moat, serial_shops, shop, shop, shop, shop,
          shop_coins, minmay_misc_feat_iff, uniq_prince_ribbit1
D:6:      nicolae_tso_carved_into_rock, nemelex_spade_bored_becter
D:7:      kennysheep_housing_project, minmay_temple_entry_nine_rooms
D:8:      minmay_overflow_temple_hex, uniq_gastronok
Temple:   circular_temple_6

Skill      XL: |  1  2  3  4  5  6  7  8  9 |
---------------+----------------------------+-----
Fighting       | 3 4 5 6 7 |  7.0
Polearms       | 3 4 |  4.9
Dodging        | 2 3 4 5 |  5.4
Charms         | 3 4 |  4.0
Spellcasting   | 3 |  3.5
Evocations     | 2 5 7 |  7.0
Stealth        | 3 4 |  4.2

Action                   |  1- 3 |  4- 6 |  7- 9 || total
-------------------------+-------+-------+-------++-------
Melee: Spear             |    89 |   255 |   105 ||   449
       Short sword       |       |       |   114 ||   114
       Rapier            |       |       |   181 ||   181
       Unarmed           |       |       |    18 ||    18
 Cast: Spectral Weapon   |     2 |    10 |     8 ||    20
 Abil: Breathe Noxious F |       |       |     7 ||     7
       Evoke Invisibilit |       |       |     1 ||     1
Evoke: Wand              |       |       |     3 ||     3
  Use: Scroll            |     2 |     4 |     2 ||     8
       Potion            |     2 |       |     5 ||     7
 Stab: Sleeping          |     2 |       |     3 ||     5
       Distracted        |     1 |       |     1 ||     2
       Confused          |       |       |     3 ||     3
  Eat: Chunk             |       |     8 |     9 ||    17
       Royal jelly       |       |       |     1 ||     1
       Pizza             |       |       |     1 ||     1
       Fruit             |       |       |     2 ||     2
       Beef jerky        |       |       |     1 ||     1
       Bread ration      |       |       |     2 ||     2
